 Dungeon Crawl Stone Soup version 0.17.3-4-g93a25c67f4 (webtiles) character file.

89 OssuaryOsiris the Insei (level 4, -3/35 HPs)
             Began as a Mummy Monk on Mar 4, 2024.
             Slain by a big kobold (5 damage)
             ... on level 4 of the Dungeon.
             The game lasted 00:02:16 (2483 turns).

OssuaryOsiris the Insei (Mummy Monk)                Turns: 2483, Time: 00:02:17

Health: -3/35      AC:  1    Str: 14    XL:     4   Next: 31%
Magic:  4/4        EV: 13    Int:  9    God:
Gold:   147        SH:  0    Dex: 15    Spells: 0 memorised, 3 levels left

rFire  x . .     SeeInvis .       - Unarmed
rCold  + . .     Clarity  .     (no armour)
rNeg   + + +     SustAt   .     (no shield)
rPois  ∞         Gourm    .     (no helmet)
rElec  .         Spirit   .     (no cloak)
rCorr  .         Warding  .     a - +0 pair of gloves
rMut   .         Stasis   .     (no boots)
MR     .....                    (no amulet)
Stlth  +.........               (no ring)
                                b - ring of loudness

@: not resistant to hostile enchantments, very unstealthy
A: no food or potions, fire vulnerability, cold resistance 1, negative energy
resistance 3, torment resistance, unbreathing
a: no special abilities


You were on level 4 of the Dungeon.
You were not hungry.

You visited 1 branch of the dungeon, and saw 4 of its levels.

You collected 147 gold pieces.


Innate Abilities, Weirdness & Mutations

You do not eat or drink.
Your flesh is vulnerable to fire.
You are immune to poison.
Your flesh is cold resistant.
You are immune to negative energy.
You are immune to unholy pain and torment.
You can survive without breathing.


   Skills:
 - Level 3.0 Fighting
 - Level 2.4 Dodging
 - Level 1.5 Stealth
 + Level 4.8 Unarmed Combat


You had 3 spell levels left.
You didn't know any spells.

Inventory:

Armour
 a - a +0 pair of gloves (worn)
Jewellery
 b - a ring of loudness (left hand)
Scrolls
 c - a scroll of remove curse
 d - 2 scrolls of amnesia {unknown}
 g - 2 scrolls of enchant armour

Dungeon Overview and Level Annotations

Branches:
Dungeon (4/15)
 Temple: D:4-7

Altars:
Okawaru

.......†...P♣
...†.##.(.. ♣▒
P....##†.♣♣♣P▒
P......K.)P♣P▒
.P.....KK♣♣.▒
♣....KKKP♣..▒
♣.(..KKKKKP▒
♣.♣...KKKPP▒
PPP.....♣M♣▒
..♣P...♣P##▒
♣♣P?....P♣♣▒
▒♣PPP..P♣
♣♣.♣♣.♣♣ ▒. P♣
▒ P♣ ▒♣


You could see a big kobold (inner flame) and 8 kobolds.


Message History

The kobold hits the plant but does no damage! x2
Read which item? (? for menu, Esc to quit)
As you read the scroll labeled RUINUM CIUNU, it crumbles to dust!
It is a scroll of enchant weapon!
You aren't carrying any weapons that can be enchanted!
The kobold hits the plant with a whip!
Something hits the plant but does no damage!
The kobold hits the plant but does no damage!
The kobold hits something!
Read which item? (? for menu, Esc to quit)
As you read the scroll labeled EHOGHI FACW, it crumbles to dust!
The creatures around you are filled with an inner flame!!!
It was a scroll of immolation!
The kobold hits the plant but does no damage!
Something hits the plant but does no damage!
The big kobold hits you! * * * don't die
* * * The kobold hits the plant but does no damage!
The kobold hits something but does no damage!
You take 4 damage, and have 2/35 hp!
Read which item? (? for menu, Esc to quit)
As you read the scroll labeled YFOICK EHAPNUL, it crumbles to dust!
You hear a loud clanging noise!!!
It was a scroll of noise!
You hear a shout!!! x2
You hear a bark!!!
Something hits the plant but does no damage!
The kobold hits the plant but does no damage!
The big kobold hits you! rip

Action                   |  1- 3 |  4- 6 || total
-------------------------+-------+-------++-------
Melee: Unarmed           |   107 |    34 ||   141
  Use: Scroll            |       |     6 ||     6

Vault maps used:
D:1:      matt_arrival_refuge
D:2:      kennysheep_okawaru_gauntlet, uniq_natasha
D:3:      ecumenical_altar_1
D:4:      kennysheep_kobold_camp, gammafunk_temple_overflow_wave,
          minmay_temple_entry_junction, fedhas_altar_3

Notes
Turn   | Place    | Note
--------------------------------------------------------------
     0 | D:1      | OssuaryOsiris the Mummy Monk began the quest for the Orb.
     0 | D:1      | Reached XP level 1. HP: 18/18 MP: 1/1
   291 | D:1      | Reached XP level 2. HP: 24/24 MP: 2/2
   918 | D:2      | Reached skill level 4 in Unarmed Combat
  1277 | D:2      | Noticed Natasha
  1283 | D:2      | Killed Natasha
  1283 | D:2      | Reached XP level 3. HP: 9/29 MP: 3/3
  1481 | D:2      | Noticed Natasha
  1646 | D:2      | Killed Natasha
  1776 | D:2      | Noticed Natasha
  1780 | D:2      | Killed Natasha
  1835 | D:2      | Reached XP level 4. HP: 35/35 MP: 4/4
  2011 | D:2      | Found an iron altar of Okawaru.
  2274 | D:3      | Found a faded altar to an unknown god.
  2472 | D:4      | Noticed a big kobold
  2482 | D:4      | HP: 2/35 [big kobold (4)]
  2483 | D:4      | Slain by a big kobold

Vanquished Creatures
  Natasha (thrice) (D:2)
  An adder (D:3)
  An ooze (D:1)
  A worm (D:2)
  A giant gecko (D:3)
  An orc (D:3)
  3 hobgoblins (D:1)
  4 kobolds
  A ball python (D:3)
  4 bats (D:2)
  3 giant cockroaches
  3 giant newts
  9 goblins
  5 rats
40 creatures vanquished.
